[Event "Titled Tuesday Blitz April 25 Late 2023"]
[White "Estrada Nieto, Julian"]
[Black "Brodowski, Piotr"]
[WhiteFideId "5101018"]
[BlackFideId "1124480"]
[WhiteElo "2161"]
[BlackElo "2351"]
[Result "0-1"]
[Round "04"]
[TimeControl "180+2"]
[Date "2023.04.25"]
[WhiteClock "0:00:02"]
[BlackClock "0:01:03"]

1. e4 d6 2. d4 g6 3. Nc3 Bg7 4. Nf3 a6 5. a4 Nd7 6. Be2 c5 7. d5 Ngf6 8. O-O O-O 9. Bf4 b6 10. Qd2 Bb7 11. Bh6 Ng4 12. Bxg7 Kxg7 13. h3 Ngf6 14. Bc4 Ne5 15. Nxe5 dxe5 16. f4 Qc7 17. Rae1 Rad8 18. f5 Ne8 19. Qd3 Nd6 20. b3 Ra8 21. Qg3 f6 22. Kh1 Bc8 23. h4 Bd7 24. Bd3 b5 25. axb5 axb5 26. h5 g5 27. h6+ Kxh6 28. Qg4 Kg7 29. Ne2 h5 30. Qf3 Be8 31. Ng3 Rh8 32. c4 h4 33. Ne2 Bh5 34. Qe3 Bxe2 35. Qxe2 b4 36. Ra1 Qb7 37. Kg1 Kh6 38. Qg4 Rxa1 39. Rxa1 Ra8 40. Rb1 Qc8 41. Be2 Qe8 42. Kf2 Ra2 43. Ke1 Kg7 44. Kd1 Qh8 45. Bf3 Kf7 46. Kc1 Ke8 47. Rb2 Rxb2 48. Kxb2 Kd7 49. Bd1 Qa8 50. Kb1 Qh8 51. Be2 Kc7 52. Bd1 Kb6 53. Be2 Qa8 54. Bd1 Kc7 55. Qh5 Nxe4 56. Qf7 Qd8 57. Bh5 Nd6 58. Qe6 Qf8 59. Bg6 Qg7 60. Kb2 Kd8 61. Kc2 g4 62. Kd2 h3 63. gxh3 gxh3 0-1


[Site "https://www.chess.com"]

[Event "Titled Tuesday Blitz April 25 Late 2023"]
[White "Fernandez Siles, Luis"]
[Black "Lewicki, Miroslaw"]
[WhiteFideId "2209420"]
[BlackFideId "1113380"]
[WhiteElo "2195"]
[BlackElo "2212"]
[Result "0-1"]
[Round "04"]
[TimeControl "180+2"]
[Date "2023.04.25"]
[WhiteClock "0:00:14"]
[BlackClock "0:01:29"]

1. e4 d5 2. exd5 Qxd5 3. Nc3 Qd8 4. d4 Nf6 5. Bc4 g6 6. Nf3 Bg7 7. O-O O-O 8. h3 Nbd7 9. Re1 Nb6 10. Bb3 e6 11. Bg5 h6 12. Bh4 g5 13. Bg3 Nbd5 14. Nxd5 exd5 15. Be5 Bf5 16. c3 Bg6 17. Bc2 Ne4 18. Bxg7 Kxg7 19. Nd2 f5 20. Nf3 Bh5 21. Qd3 Bxf3 22. gxf3 Nd6 23. Re6 Qd7 24. Rae1 Rae8 25. R6e5 Qf7 26. Qe2 c6 27. f4 gxf4 28. Qf3 Rxe5 29. Rxe5 Qg6+ 30. Kh2 Qg5 31. Qg2 Rf7 32. h4 Qg4 33. f3 Qxg2+ 34. Kxg2 Nc4 35. Rxf5 Ne3+ 0-1


[Site "https://www.chess.com"]

[Event "Titled Tuesday Blitz April 25 Late 2023"]
[White "Prohaszka, Peter"]
[Black "Gurevich, Dmitry"]
[WhiteFideId "726265"]
[BlackFideId "2000407"]
[WhiteElo "2626"]
[BlackElo "2506"]
[Result "1-0"]
[Round "04"]
[TimeControl "180+2"]
[Date "2023.04.25"]
[WhiteClock "0:00:13"]
[BlackClock "0:00:36"]

1. d4 Nf6 2. c3 g6 3. Bf4 Bg7 4. Nd2 O-O 5. Ngf3 d6 6. h3 c5 7. dxc5 dxc5 8. e4 Nc6 9. Bc4 b6 10. O-O Bb7 11. Re1 Na5 12. Bf1 Nh5 13. Bh2 e5 14. Nxe5 Re8 15. Ndc4 Nxc4 16. Nxc4 Rxe4 17. Qxd8+ Rxd8 18. Nd6 Rxe1 19. Rxe1 Bd5 20. Ne8 Bxa2 21. g4 Nf6 22. Nxg7 Kxg7 23. Be5 g5 24. h4 h6 25. f4 Kg6 26. h5+ Kg7 27. fxg5 hxg5 28. Re2 Rd5 29. Bg2 Rxe5 30. Rxe5 Nxg4 31. Rxg5+ 1-0


[Site "https://www.chess.com"]

[Event "Titled Tuesday Blitz April 25 Late 2023"]
[White "Korchmar, Vasiliy"]
[Black "Prydun, Andriy"]
[WhiteFideId "24131750"]
[BlackFideId "14145898"]
[WhiteElo "2370"]
[BlackElo "2164"]
[Result "1-0"]
[Round "04"]
[TimeControl "180+2"]
[Date "2023.04.25"]
[WhiteClock "0:01:26"]
[BlackClock "0:00:05"]

1. e4 d5 2. exd5 Qxd5 3. Nc3 Qd8 4. d4 Nf6 5. Nf3 Bg4 6. h3 Bxf3 7. Qxf3 c6 8. Be3 e6 9. Bd3 Nbd7 10. O-O Be7 11. Rad1 O-O 12. Rfe1 Nd5 13. Bd2 Nxc3 14. Bxc3 Nf6 15. a3 h6 16. b4 Nd5 17. Bb2 a5 18. c4 Nf6 19. b5 cxb5 20. d5 bxc4 21. Bxc4 Nxd5 22. Bxd5 exd5 23. Rxd5 Qc7 24. Qg4 g6 25. Qd4 f6 26. Rd7 Rad8 27. Rexe7 1-0


[Site "https://www.chess.com"]

[Event "Titled Tuesday Blitz April 25 Late 2023"]
[White "Spata, German"]
[Black "Gonzalez Zamora, Juan Carlos"]
[WhiteFideId "113026"]
[BlackFideId "3507548"]
[WhiteElo "2238"]
[BlackElo "2535"]
[Result "1/2-1/2"]
[Round "04"]
[TimeControl "180+2"]
[Date "2023.04.25"]
[WhiteClock "0:00:07"]
[BlackClock "0:00:08"]

1. Nf3 Nf6 2. g3 g6 3. b3 Bg7 4. Bb2 O-O 5. Bg2 d6 6. d4 a5 7. a4 Nbd7 8. O-O Re8 9. Na3 c6 10. Re1 d5 11. c4 Qb6 12. cxd5 Nxd5 13. Nc4 Qc7 14. Rc1 Qb8 15. e4 Nb4 16. e5 b5 17. axb5 cxb5 18. Ne3 Nb6 19. Ba3 Bb7 20. Bxb4 axb4 21. Qd2 Nd5 22. Nxd5 Bxd5 23. Qxb4 Qb7 24. Nh4 Bxg2 25. Nxg2 e6 26. Ne3 Bf8 27. Qd2 Red8 28. Red1 Ra3 29. Qd3 Bh6 30. Ra1 Rxa1 31. Rxa1 Qf3 32. Rc1 Ra8 33. Qd1 Qe4 34. Qd2 Rd8 35. Rd1 Bg7 36. f4 h5 37. Qd3 Qb7 38. d5 exd5 39. Nxd5 Rc8 40. Qe4 Qa7+ 41. Qe3 Qxe3+ 42. Nxe3 Rc3 43. Nd5 Rxb3 44. Ne7+ Kh7 45. Rd7 Rb2 46. Nd5 Kg8 47. Rd8+ Kh7 48. Rd7 Kg8 49. Rd8+ Kh7 50. Rd7 1/2-1/2


[Site "https://www.chess.com"]

[Event "Titled Tuesday Blitz April 25 Late 2023"]
[White "Rosen, Eric"]
[Black "Silva, Miguel Antonio Neto"]
[WhiteFideId "2032562"]
[BlackFideId "1911929"]
[WhiteElo "2331"]
[BlackElo "2223"]
[Result "1/2-1/2"]
[Round "04"]
[TimeControl "180+2"]
[Date "2023.04.25"]
[WhiteClock "0:00:06"]
[BlackClock "0:00:12"]

1. e4 c5 2. Nf3 d6 3. Nc3 Nf6 4. e5 dxe5 5. Nxe5 Nbd7 6. d4 e6 7. Bf4 Be7 8. dxc5 O-O 9. c6 Nxe5 10. Qxd8 Rxd8 11. c7 Rd7 12. Bxe5 a6 13. Be2 Ne8 14. Rd1 f6 15. Bg3 Bb4 16. O-O Ba5 17. Bc4 Kf7 18. Rfe1 Rxd1 19. Rxd1 Bxc7 20. Bxc7 Nxc7 21. Ne4 Ke7 22. Bb3 Bd7 23. f4 Bc6 24. Nc5 b6 25. Nxe6 Nxe6 26. Re1 Rd8 27. Rxe6+ Kd7 28. Re2 Kc7 29. Re7+ Kb8 30. Rxg7 Rd2 31. h4 a5 32. a4 b5 33. axb5 Bxb5 34. Rxh7 a4 35. Be6 Rxc2 36. Bd5 Rxb2 37. h5 Bd3 38. Rh8+ Kc7 39. Ra8 Kd6 40. Ra5 Rb5 41. Rxb5 Bxb5 42. Ba2 Bd3 43. g4 Ke7 44. Kf2 Bc2 45. Ke3 Bd1 46. g5 Bxh5 47. gxf6+ Kxf6 48. Kd4 Bf7 49. Bxf7 Kxf7 50. Kc3 Kf6 51. Kb2 Kf5 52. Ka3 Kxf4 53. Kxa4 1/2-1/2


[Site "https://www.chess.com"]

[Event "Titled Tuesday Blitz April 25 Late 2023"]
[White "Perske, Thore"]
[Black "Pesotskiy, Mikhail"]
[WhiteFideId "12902195"]
[BlackFideId "34164453"]
[WhiteElo "2336"]
[BlackElo "2131"]
[Result "0-1"]
[Round "04"]
[TimeControl "180+2"]
[Date "2023.04.25"]
[WhiteClock "0:00:05"]
[BlackClock "0:00:09"]

1. d4 Nf6 2. g3 c5 3. dxc5 Na6 4. Bg2 e6 5. Nf3 Nxc5 6. c4 d5 7. cxd5 Nxd5 8. O-O Be7 9. a3 a5 10. e4 Nf6 11. e5 Nd5 12. Nbd2 O-O 13. Nc4 b5 14. Ne3 Bb7 15. h4 a4 16. Qe2 Nb3 17. Rb1 Nxc1 18. Rbxc1 Qb6 19. Ng4 Rac8 20. h5 h6 21. Qd2 Rxc1 22. Rxc1 Rc8 23. Rxc8+ Bxc8 24. Bf1 b4 25. axb4 Bxb4 26. Qc2 Bd7 27. Qe4 Bc5 28. Bd3 Qb3 29. Qh7+ Kf8 30. Be4 Qc4 31. Kg2 Bc6 32. Qh8+ Ke7 33. Qh7 Nf4+ 34. gxf4 Bxe4 35. Qxg7 Qe2 36. Nh2 Bxf2 37. Kh3 Bxf3 38. Qf6+ Ke8 39. Qh8+ Kd7 40. Qg7 Bxh5 41. Qg8 Qd3+ 42. Kg2 Bc5 43. Qa8 Qe2+ 44. Kh3 Qe3+ 45. Kg2 Qe2+ 46. Kh3 Qd3+ 47. Kg2 Qc2+ 48. Kh3 Be7 49. Qb7+ Ke8 50. Qc8+ Qxc8 51. Ng4 Qc2 52. Ne3 Qd3 53. f5 Qxe3+ 54. Kg2 exf5 55. b3 Qxe5 56. bxa4 Qa5 57. Kg3 Qxa4 58. Kf2 Bc5+ 59. Kg3 Qg4+ 60. Kh2 f4 61. Kh1 f3 62. Kh2 Qg2# 0-1


[Site "https://www.chess.com"]

[Event "Titled Tuesday Blitz April 25 Late 2023"]
[White "Schmidt, Harald"]
[Black "Piesik, Piotr"]
[WhiteFideId "4648358"]
[BlackFideId "1136194"]
[WhiteElo "2347"]
[BlackElo "2299"]
[Result "0-1"]
[Round "04"]
[TimeControl "180+2"]
[Date "2023.04.25"]
[WhiteClock "0:00:07"]
[BlackClock "0:00:49"]

1. e4 g6 2. h4 h5 3. Nh3 c6 4. Ng5 d5 5. Qf3 Nh6 6. Qb3 f6 7. Nh3 dxe4 8. d3 Nd7 9. dxe4 Nc5 10. Qe3 e5 11. Bc4 Be6 12. Bxe6 Nxe6 13. c3 Bc5 14. Qe2 Qe7 15. Bxh6 Rxh6 16. Nd2 O-O-O 17. O-O-O Rh7 18. Nc4 Qc7 19. Rxd8+ Qxd8 20. Rd1 Rd7 21. Rxd7 Qxd7 22. Qf3 Be7 23. Qg3 Nf8 24. f4 b5 25. Na5 Bd8 26. Nb3 Bc7 27. Qf3 Qg4 28. Qxg4+ hxg4 29. Nf2 g3 30. Nh3 exf4 31. Kd2 Ne6 32. Ke2 c5 33. Kf3 Kd7 34. Nc1 c4 35. Ne2 g5 36. hxg5 fxg5 0-1


[Site "https://www.chess.com"]

[Event "Titled Tuesday Blitz April 25 Late 2023"]
[White "Durarbayli, Vasif"]
[Black "Tomaszewski, Kacper"]
[WhiteFideId "13402935"]
[BlackFideId "1127373"]
[WhiteElo "2551"]
[BlackElo "2211"]
[Result "1-0"]
[Round "04"]
[TimeControl "180+2"]
[Date "2023.04.25"]
[WhiteClock "0:00:22"]
[BlackClock "0:00:18"]

1. e4 e6 2. d4 d5 3. e5 c5 4. c3 Bd7 5. Nf3 Qb6 6. Bd3 Bb5 7. dxc5 Bxc5 8. b4 Bf8 9. Be3 Qa6 10. Bxb5+ Qxb5 11. Na3 Qa6 12. Nd4 Bxb4 13. cxb4 Qxa3 14. O-O a6 15. Qg4 Kf8 16. Rac1 Ne7 17. Rc7 h5 18. Qf4 Rh6 19. Qh4 Nbc6 20. Nxc6 Nxc6 21. Bxh6 gxh6 22. Qf6 1-0


[Site "https://www.chess.com"]

[Event "Titled Tuesday Blitz April 25 Late 2023"]
[White "Aggelis, Nikolaos"]
[Black "Indjic, Aleksandar"]
[WhiteFideId "4213220"]
[BlackFideId "911925"]
[WhiteElo "2189"]
[BlackElo "2614"]
[Result "0-1"]
[Round "04"]
[TimeControl "180+2"]
[Date "2023.04.25"]
[WhiteClock "0:00:00"]
[BlackClock "0:01:19"]

1. c4 e5 2. g3 Nf6 3. Bg2 d5 4. cxd5 Nxd5 5. Nc3 Nb6 6. Nf3 Nc6 7. O-O Be6 8. e3 Bc4 9. Re1 Bd3 10. Bf1 f6 11. a3 a5 12. Qb3 Bxf1 13. Rxf1 Qd3 14. Qb5 O-O-O 15. Ne1 Qxb5 16. Nxb5 a4 17. d4 Na5 18. dxe5 Nb3 19. Rb1 fxe5 20. e4 Be7 21. Be3 Nc4 22. Nf3 c6 23. Nc3 b5 24. Rfd1 Rxd1+ 25. Nxd1 Rd8 26. Kf1 Bxa3 27. bxa3 Nxa3 28. Rxb3 axb3 29. Ke2 Rxd1 30. Kxd1 b2 31. Nd2 b1=Q+ 32. Nxb1 Nxb1 33. Kc2 Na3+ 34. Kb3 Nc4 0-1


[Site "https://www.chess.com"]

[Event "Titled Tuesday Blitz April 25 Late 2023"]
[White "Bitoon, Richard"]
[Black "Erzhanov, Arman"]
[WhiteFideId "5201110"]
[BlackFideId "4138821"]
[WhiteElo "2374"]
[BlackElo "2138"]
[Result "1-0"]
[Round "04"]
[TimeControl "180+2"]
[Date "2023.04.25"]
[WhiteClock "0:00:14"]
[BlackClock "0:00:19"]

1. e4 d6 2. d4 Nf6 3. Nc3 e5 4. dxe5 dxe5 5. Qxd8+ Kxd8 6. Bc4 Bb4 7. Bd2 Ke7 8. a3 Bc5 9. f4 Nbd7 10. Nf3 Bd6 11. O-O-O c6 12. g4 Nxg4 13. Rhg1 Nb6 14. Bb3 exf4 15. e5 Bc5 16. Rg2 g6 17. Ne4 Ne3 18. Nxc5 Nxg2 19. Ne4 Ne3 20. Bb4+ 1-0


[Site "https://www.chess.com"]

[Event "Titled Tuesday Blitz April 25 Late 2023"]
[White "Pakleza, Zbigniew"]
[Black "Meunier-Pion, Jean"]
[WhiteFideId "1119290"]
[BlackFideId "20685327"]
[WhiteElo "2410"]
[BlackElo "2124"]
[Result "1/2-1/2"]
[Round "04"]
[TimeControl "180+2"]
[Date "2023.04.25"]
[WhiteClock "0:00:09"]
[BlackClock "0:00:07"]

1. d4 d5 2. Bf4 c5 3. c3 cxd4 4. cxd4 Nc6 5. e3 Nf6 6. Nc3 Bf5 7. Qb3 Na5 8. Qa4+ Bd7 9. Qc2 Rc8 10. Bd3 e6 11. Nf3 Bb4 12. O-O O-O 13. Rfc1 Bxc3 14. bxc3 Nc4 15. Ne5 Bb5 16. Bg5 h6 17. Bh4 Nxe5 18. dxe5 Bxd3 19. Qxd3 g5 20. exf6 gxh4 21. Qd4 Rc4 22. Qxa7 Qxf6 23. Qxb7 Kh7 24. Qb2 h3 25. Qe2 hxg2 26. Rd1 Rxc3 27. a4 Rfc8 28. Ra2 Qf5 29. a5 Rc2 30. Rxc2 Rxc2 31. Qd3 Qxd3 32. Rxd3 Ra2 33. Kxg2 Rxa5 34. Rb3 Ra4 35. Rb7 Kg6 36. Kg3 Ra2 37. Rb8 Kg7 38. Rb7 Ra1 39. Kg2 Ra2 40. Rc7 Ra4 41. Rb7 Rc4 42. Ra7 Rc5 43. Rb7 Kf6 44. Ra7 Kf5 45. Rxf7+ Kg6 46. Ra7 Rc6 47. Kf3 Kf6 48. Rh7 Kg6 49. Rh8 Kg7 50. Ra8 Kf6 51. Kg4 Kg6 52. Rg8+ Kf7 53. Rb8 Kg6 54. h4 h5+ 55. Kg3 Rc4 56. Rg8+ Kf7 57. Rg5 d4 58. exd4 Rxd4 59. Rxh5 Kg6 60. Rg5+ Kf6 61. Ra5 Kg6 62. Ra6 Kf6 63. Ra5 Kg6 64. f3 Kf6 65. Ra8 Kg6 66. Rg8+ Kf7 67. Rg5 Kf6 68. Rg4 Rd5 69. Rf4+ Kg6 70. Re4 Kf6 71. Kg4 Rc5 72. Rf4+ Kg6 73. Re4 Kf6 74. h5 Rg5+ 75. Kh4 Rf5 76. Re3 e5 77. Rb3 Rf4+ 78. Kg3 Rf5 79. Kg4 Rf4+ 80. Kg3 Kg5 81. Rb5 Rf5 82. h6 Kxh6 83. Kg4 Rf4+ 84. Kg3 Rf5 85. Kg4 Rg5+ 86. Kh4 Kg6 87. Rb8 Rh5+ 88. Kg3 Rg5+ 89. Kf2 Rf5 90. Rg8+ Kf6 91. Rg4 Ke6 92. Ra4 Kf6 93. Ke3 Kg5 94. Rg4+ Kf6 95. Rc4 Ke6 96. Rc6+ Kd5 97. Ra6 Rf4 98. Ra5+ Ke6 99. Ra6+ Kd5 100. Ra5+ Ke6 101. Ra8 Kd5 102. Re8 Rd4 103. Rd8+ Kc4 104. Re8 Kd5 105. Ra8 Rb4 106. Ra5+ Ke6 107. Kf2 Kf5 108. Ra8 Rb3 109. Kg3 Rb4 110. Rf8+ Ke6 111. Re8+ Kf5 112. Rf8+ Ke6 113. Rh8 Kf5 114. Rh5+ Ke6 115. Rh4 Rxh4 116. Kxh4 Kf5 117. Kg3 Kg5 118. Kf2 Kf4 119. Ke2 e4 120. fxe4 Kxe4 1/2-1/2


[Site "https://www.chess.com"]

[Event "Titled Tuesday Blitz April 25 Late 2023"]
[White "Karas, Marek"]
[Black "Javakhadze, Zurab"]
[WhiteFideId "14928558"]
[BlackFideId "13603647"]
[WhiteElo "2233"]
[BlackElo "2381"]
[Result "0-1"]
[Round "04"]
[TimeControl "180+2"]
[Date "2023.04.25"]
[WhiteClock "0:01:24"]
[BlackClock "0:01:26"]

1. d4 Nf6 2. Nf3 e6 3. c4 b6 4. a3 Bb7 5. Nc3 d5 6. cxd5 Nxd5 7. Qc2 Be7 8. e4 Nxc3 9. bxc3 O-O 10. Bd3 c5 11. O-O Nc6 12. Be3 cxd4 13. cxd4 Rc8 14. Qe2 Na5 15. Rad1 Qd7 16. Bb5 Bc6 17. a4 Bxb5 18. Qxb5 Qb7 19. d5 exd5 20. exd5 Rfd8 21. h3 Nc4 22. Rfe1 Nxe3 23. Rxe3 Bc5 24. Red3 Bd6 25. Qb3 h6 26. Nd4 Re8 27. Nc6 Re2 28. R3d2 Rce8 29. Rxe2 Rxe2 30. Qd3 Re8 31. Rb1 Qd7 32. a5 bxa5 33. Nxa5 Qa4 34. Qb5 Qxb5 35. Rxb5 Re1# 0-1


[Site "https://www.chess.com"]

[Event "Titled Tuesday Blitz April 25 Late 2023"]
[White "Horton, Andrew P"]
[Black "Marczuk, Dominik"]
[WhiteFideId "424269"]
[BlackFideId "1111264"]
[WhiteElo "2401"]
[BlackElo "2174"]
[Result "1-0"]
[Round "04"]
[TimeControl "180+2"]
[Date "2023.04.25"]
[WhiteClock "0:00:08"]
[BlackClock "0:00:02"]

1. Nf3 Nf6 2. b3 g6 3. Bb2 Bg7 4. g3 O-O 5. Bg2 d6 6. O-O e5 7. d4 Nc6 8. dxe5 dxe5 9. c4 Qxd1 10. Rxd1 Re8 11. Nc3 Bf5 12. Nd5 Rac8 13. e3 Be4 14. Ng5 Bxg2 15. Kxg2 h6 16. Nxf6+ Bxf6 17. Ne4 Be7 18. g4 Rcd8 19. Rd5 Rxd5 20. cxd5 Nb4 21. Rd1 Rd8 22. Bxe5 Rxd5 23. Rxd5 Nxd5 24. Kf3 Kf8 25. Bd4 b6 26. Nd2 c5 27. Bb2 Ke8 28. Ke4 Nf6+ 29. Bxf6 Bxf6 30. Kd5 Kd7 31. Ne4 Be7 32. a4 Kc7 33. f4 a6 34. h3 Bh4 35. f5 gxf5 36. gxf5 Kd7 37. a5 bxa5 38. Nxc5+ Ke7 39. e4 Kf6 40. Nd7+ Kg5 41. Ne5 Kf6 42. Nf3 Bf2 43. Nd4 h5 44. e5+ Kg5 45. e6 fxe6+ 46. fxe6 Kf6 47. Nf3 Bg3 48. Nd2 Bf4 49. Ne4+ Ke7 50. Nc5 Bd2 51. Nxa6 Bf4 52. Nc5 Bd6 53. Nb7 Bb4 54. Ke5 Bc3+ 55. Kf5 Bb4 56. h4 Ke8 57. Kf6 Bc3+ 58. Kg6 Bb4 59. Kxh5 Ke7 60. Kg6 Kxe6 61. h5 Kd7 62. h6 Kc7 63. h7 Bc3 64. Nc5 Kc6 65. Ne4 Be5 66. Nf6 Kb5 67. h8=Q Kb4 68. Qe8 Bc3 69. Qe6 a4 70. Qc4+ Ka3 71. Qxa4+ Kb2 72. Qc4 Bd2 73. Kf5 1-0


[Site "https://www.chess.com"]

[Event "Titled Tuesday Blitz April 25 Late 2023"]
[White "Koziorowicz, Michal"]
[Black "Flynn, Jacob"]
[WhiteFideId "21809194"]
[BlackFideId "2509393"]
[WhiteElo "2255"]
[BlackElo "2053"]
[Result "0-1"]
[Round "04"]
[TimeControl "180+2"]
[Date "2023.04.25"]
[WhiteClock "0:00:06"]
[BlackClock "0:00:05"]

1. e4 e5 2. Nf3 Nc6 3. Nc3 Nf6 4. d4 exd4 5. Nd5 Nb4 6. Bc4 Nbxd5 7. exd5 Bb4+ 8. Kf1 O-O 9. Qxd4 d6 10. Bg5 h6 11. h4 Bf5 12. Bd3 Bc5 13. Qc4 Bg6 14. Bd2 Qd7 15. Rh3 Qg4 16. Rg3 Qxc4 17. Bxc4 Nh5 18. Rg4 Bf5 19. Nh2 Bxg4 20. Nxg4 f5 21. Nh2 Rae8 22. Bd3 Nf6 23. Nf3 Ne4 24. Bf4 Nxf2 25. Bb5 Re7 26. b4 Bb6 27. a4 Ng4 28. a5 Be3 29. Bg3 a6 30. Be2 Ba7 31. Bf4 Be3 32. Bg3 f4 33. Be1 Ba7 34. Bd2 Ne3+ 35. Bxe3 Rxe3 36. Rb1 Rfe8 37. Bd3 R3e7 38. b5 axb5 39. Rxb5 c6 40. Rb4 Be3 41. dxc6 bxc6 42. a6 d5 43. Bg6 Ra8 44. Ra4 Rea7 45. Bd3 Rb8 46. Ne5 Rb6 47. Ke2 g5 48. hxg5 hxg5 49. Kf3 Kg7 50. Ra1 c5 51. c4 dxc4 52. Bxc4 Rb2 53. Rh1 Rf2+ 54. Ke4 Rxg2 55. Kf5 f3 56. Nxf3 Rf2 57. Kg4 Kf6 58. Rh6+ Kg7 59. Rc6 Ra2 60. Ne5 Ra4 61. Kf5 Bf4 62. Rg6+ Kf8 63. Be6 R4xa6 64. Rg8+ Ke7 65. Rg7+ Kd6 66. Nc4+ Kc6 67. Rg6 Kb5 68. Nb2 Kb4 69. Nd3+ Kc3 70. Nxc5 Ra5 71. Ke4 Rxc5 72. Rg8 Ra4+ 73. Kf3 Re5 74. Bd7 Rd4 75. Rc8+ Kd2 76. Bc6 Re3+ 77. Kf2 Rdd3 78. Bg2 Rc3 79. Rd8+ Kc1 80. Ra8 Rc2+ 81. Kf1 Rb3 82. Be4 Rd2 83. Rc8+ Kb2 84. Ke1 Rc3 85. Rb8+ Ka3 86. Ra8+ Kb4 87. Bf5 Rc1# 0-1


[Site "https://www.chess.com"]

[Event "Titled Tuesday Blitz April 25 Late 2023"]
[White "Banzea, Alexandru-Bogdan"]
[Black "Novikova, Galina"]
[WhiteFideId "1232622"]
[BlackFideId "4157095"]
[WhiteElo "2294"]
[BlackElo "1953"]
[Result "1-0"]
[Round "04"]
[TimeControl "180+2"]
[Date "2023.04.25"]
[WhiteClock "0:00:02"]
[BlackClock "0:00:01"]

1. d4 Nf6 2. Bf4 g6 3. Nc3 Bg7 4. e4 d6 5. Qd2 c6 6. Bh6 Bxh6 7. Qxh6 Qa5 8. Bd3 Qb4 9. O-O-O Qxd4 10. Nf3 Qc5 11. e5 dxe5 12. Rhe1 Nbd7 13. Ng5 b5 14. Bxg6 fxg6 15. Qg7 Rf8 16. Ne6 Qxf2 17. Rxe5 Nd5 18. Nc7+ Kd8 19. N3xd5 cxd5 20. Qxe7+ Kxc7 21. Rexd5 Qf4+ 22. Kb1 Rf7 23. Rxd7+ Bxd7 24. Rxd7+ Kb6 25. Qe6+ Ka5 26. Rxf7 Qc4 27. Qe1+ 1-0


[Site "https://www.chess.com"]

[Event "Titled Tuesday Blitz April 25 Late 2023"]
[White "Bryant, Todd"]
[Black "Filgueira, Hernan"]
[WhiteFideId "2031299"]
[BlackFideId "101770"]
[WhiteElo "2075"]
[BlackElo "2363"]
[Result "1-0"]
[Round "04"]
[TimeControl "180+2"]
[Date "2023.04.25"]
[WhiteClock "0:00:09"]
[BlackClock "0:00:04"]

1. e4 c5 2. Nf3 e6 3. d4 cxd4 4. Nxd4 a6 5. Bd3 Nf6 6. O-O d6 7. Qe2 Nbd7 8. c4 Be7 9. b3 Qc7 10. Bb2 b6 11. Nc3 Bb7 12. f4 O-O 13. Rae1 Rad8 14. Kh1 Qc5 15. Na4 Qh5 16. Qf2 Nc5 17. Nxc5 dxc5 18. Be2 Qh6 19. Nf3 Qxf4 20. Bc1 Qxe4 21. Bd1 Qc6 22. Bc2 Ne4 23. Bxe4 Qxe4 24. Rxe4 Bxe4 25. Re1 Bb7 26. Bb2 Rd3 27. Ne5 Rdd8 28. Ng4 f5 29. Ne5 Be4 30. Qe2 Bf6 31. Nf3 Bxb2 32. Qxb2 Rd3 33. Ng5 Rfd8 34. Nxe6 R8d7 35. Nf4 Rd2 36. Qe5 h6 37. Qe6+ Kh7 38. Qg6+ Kg8 39. Qe6+ Kh7 40. h3 R2d6 41. Qe5 Rd2 42. Rxe4 fxe4 43. Qxe4+ Kg8 44. Qe6+ Kh7 45. Qf5+ Kg8 46. Nd5 Rd1+ 47. Kh2 Rf7 48. Qe6 Rf1 49. Qxb6 Kh7 50. Qxc5 R1f2 51. Qd4 Rxa2 52. Qe4+ Kg8 53. Nf4 Rf2 54. Nd5 a5 55. c5 Rb2 56. c6 Rff2 57. c7 Rfc2 58. Qe8+ Kh7 59. Qe4+ Kg8 60. Ne7+ Kf7 61. c8=Q Rxc8 62. Nxc8 a4 63. Qxa4 1-0


[Site "https://www.chess.com"]

[Event "Titled Tuesday Blitz April 25 Late 2023"]
[White "Vifleemskaia, Svetlana"]
[Black "Adla, Diego"]
[WhiteFideId "4129490"]
[BlackFideId "100072"]
[WhiteElo "1930"]
[BlackElo "2377"]
[Result "0-1"]
[Round "04"]
[TimeControl "180+2"]
[Date "2023.04.25"]
[WhiteClock "0:00:01"]
[BlackClock "0:00:27"]

1. d4 Nf6 2. c4 e6 3. Nc3 Bb4 4. e3 O-O 5. Ne2 Re8 6. a3 Bf8 7. d5 a5 8. g3 Na6 9. Bg2 Nc5 10. O-O a4 11. e4 d6 12. h3 exd5 13. exd5 Bf5 14. Ra2 Bd3 15. Be3 Bxc4 16. Bxc5 Bxa2 17. Nxa2 dxc5 18. Nac3 Qd7 19. Qd3 c6 20. Nf4 cxd5 21. Nfxd5 Nxd5 22. Nxd5 Rad8 23. Qc4 b5 24. Qc3 Qa7 25. Qf3 Rd6 26. h4 Red8 27. Nc3 Qa5 28. Ne4 Rd3 29. Qg4 Qb6 30. h5 h6 31. Qf5 c4 32. g4 R3d5 33. Qf4 Qd4 34. Qf3 Qxb2 35. g5 Rxg5 36. Nxg5 hxg5 37. Qf5 Qf6 38. Qe4 c3 39. Rc1 Bxa3 40. Qb7 Bxc1 0-1


[Site "https://www.chess.com"]

[Event "Titled Tuesday Blitz April 25 Late 2023"]
[White "Shivakumar, Shawnak"]
[Black "Degtiarev, Evgeny"]
[WhiteFideId "30940192"]
[BlackFideId "4149610"]
[WhiteElo "2089"]
[BlackElo "2284"]
[Result "1-0"]
[Round "04"]
[TimeControl "180+2"]
[Date "2023.04.25"]
[WhiteClock "0:01:14"]
[BlackClock "0:00:01"]

1. e4 e5 2. Nc3 Nf6 3. f4 d5 4. fxe5 Nxe4 5. Qf3 Nc6 6. Bb5 Nxc3 7. bxc3 Qh4+ 8. g3 Qe4+ 9. Qxe4 dxe4 10. d4 Bd7 11. a4 h5 12. Ne2 h4 13. Be3 hxg3 14. Nxg3 Rh4 15. O-O Be7 16. Rf4 Rxf4 17. Bxf4 f5 18. exf6 gxf6 19. Nxe4 O-O-O 20. Rf1 a6 21. Bd3 Rg8+ 22. Ng3 Na5 23. Kf2 Bxa4 24. Nf5 Bd8 25. h4 Bc6 26. Rg1 Rxg1 27. Kxg1 Bf3 28. Kf2 Bd1 29. Be2 Bxc2 30. Bg4 Kb8 31. h5 Nc6 32. Ne3 Bh7 33. Bf5 Bg8 34. h6 a5 35. h7 Bxh7 36. Bxh7 a4 37. Bg8 a3 38. Nc2 Be7 39. Bc1 b5 40. Bxa3 Kb7 41. Bd5 1-0


[Site "https://www.chess.com"]

[Event "Titled Tuesday Blitz April 25 Late 2023"]
[White "Krishnan, Varun"]
[Black "Skibbe, Willi"]
[WhiteFideId "5054508"]
[BlackFideId "4682190"]
[WhiteElo "2341"]
[BlackElo "2176"]
[Result "1/2-1/2"]
[Round "04"]
[TimeControl "180+2"]
[Date "2023.04.25"]
[WhiteClock "0:00:02"]
[BlackClock "0:00:06"]

1. d4 d5 2. c4 e6 3. Nc3 Nf6 4. Bg5 Be7 5. e3 Nbd7 6. Qc2 O-O 7. Bd3 dxc4 8. Bxc4 a6 9. Nf3 b5 10. Bd3 Bb7 11. Ne5 h6 12. Bh4 Nxe5 13. dxe5 Nd5 14. Bxe7 Qxe7 15. Nxd5 Bxd5 16. O-O c5 17. f4 c4 18. Be4 Rfd8 19. Rad1 Qb7 20. Bxd5 Rxd5 21. Rxd5 Qxd5 22. Rd1 Qc5 23. Qe4 Rb8 24. a3 a5 25. Rd4 c3 26. bxc3 Qxa3 27. Qd3 Qf8 28. h3 b4 29. cxb4 axb4 30. Qb3 Qc5 31. Rc4 Qa5 32. Kh2 Qa3 33. Qxa3 bxa3 34. Ra4 Rb3 35. e4 g6 36. Ra7 Re3 37. Ra4 Kg7 38. Kg1 h5 39. Kf2 Rb3 40. Ra7 Rb2+ 41. Kf3 a2 42. g4 hxg4+ 43. hxg4 Kf8 44. f5 gxf5 45. exf5 Ke8 46. f6 Kd8 47. g5 Kc8 48. g6 Kb8 49. Ra3 Kc7 50. g7 Rb3+ 51. Rxb3 a1=Q 52. g8=Q Qd1+ 53. Kf4 Qd4+ 54. Kf3 Qd1+ 55. Kf2 Qd2+ 56. Kg3 Qe1+ 57. Kf3 Qd1+ 1/2-1/2


[Site "https://www.chess.com"]

[Event "Titled Tuesday Blitz April 25 Late 2023"]
[White "Baltic, Fatih"]
[Black "Danielyan, Vahe"]
[WhiteFideId "12979090"]
[BlackFideId "13304828"]
[WhiteElo "2200"]
[BlackElo "2423"]
[Result "1-0"]
[Round "04"]
[TimeControl "180+2"]
[Date "2023.04.25"]
[WhiteClock "0:01:28"]
[BlackClock "0:02:04"]

1. c4 c6 2. g3 h5 3. h4 d6 4. d4 Nf6 5. Bg2 Bf5 6. Nc3 Qd7 7. e4 Bg6 8. Nge2 e5 9. d5 Be7 10. f3 Na6 11. O-O Rc8 12. Be3 Nc5 13. b4 Na6 14. a3 cxd5 15. cxd5 O-O 16. Rc1 Rc4 17. Qd3 Rfc8 18. Kh2 b5 19. Bh3 Qd8 20. Bxc8 Rxc8 21. Nxb5 Rxc1 22. Rxc1 Kh7 23. Nxa7 Nc7 24. Nc6 Qd7 25. b5 Ncxd5 26. b6 Nxe3 27. Qxe3 Bxe4 28. Nxe7 Qxe7 29. Rc7 Qe6 30. b7 Qb3 31. Qxb3 1-0


[Site "https://www.chess.com"]